 Dungeon Sprint DCSS version 0.14-a0-3329-g86b2fc4 (webtiles) character file.

12 BluebellGnoll the Sneak (level 2, -2/12 HPs)
             Began as a Felid Transmuter on Mar 16, 2014.
             Slain by a gnoll shaman
             ... wielding a +0,+0 club
              (6 damage)
             ... in the Dungeon (Sprint IX: "|||||||||||||||||||||||||||||").
             The game lasted 00:01:19 (54 turns).

BluebellGnoll the Sneak (Felid Transmuter)            Turns: 54, Time: 00:01:19

HP  -2/12        AC  1     Str  6      XL: 2   Next: 20%
MP   4/5         EV 18     Int 14      God:
Gold 0           SH  0     Dex 16      Spells:  1 memorised,  4 levels left
Lives: 0, deaths: 0

rFire  . . .     SeeInvis +       - Unarmed
rCold  . . .     Clarity  .     (armour unavailable)
rNeg   . . .     Conserve .     (shield unavailable)
rPois  .         rCorr    .     (helmet unavailable)
rElec  .         rRot     .     (cloak unavailable)
SustAb . .       Spirit   .     (gloves unavailable)
rMut   .         Warding  .     (boots unavailable)
Saprov . . .     NoTele   +     (no amulet)
MR     .....                    (no ring)
                                (no ring)

@: appendage, quick, not resistant to hostile enchantments, very stealthy
A: paw claws, no armour, no weapons or thrown items, fangs 3, horns 2, see
invisible, carnivore 3, speed 1, shaggy fur 1, slow metabolism 1, jump 1
a: Jump Attack, End Transformation


You were in the Dungeon.
You were not hungry.
You had grown temporary horns.
You visited 1 branch

Inventory:

Missiles
 b - 12 arrows
Comestibles
 a - a meat ration
Scrolls
 j - a scroll of blinking
Potions
 e - a potion of curing
 f - a potion of heal wounds
 g - a potion of haste
 h - 2 potions of magic
 i - a potion of berserk rage
Books
 d - a book of Changes

   Spells                             Type                      Level
   *Beastly Appendage                 Transmutation                1
   Sticks to Snakes                   Transmutation                2
   Spider Form                        Transmutation/Poison         3
   Ice Form                           Ice/Transmutation            4
   Blade Hands                        Transmutation                5


   Skills:
 - Level 1.0 Fighting
 - Level 2.6 Dodging
 + Level 6.3 Stealth
 - Level 3.0 Unarmed Combat
 - Level 2.0 Spellcasting
 - Level 2.1 Transmutations


You had 4 spell levels left.
You knew the following spells:

 Your Spells              Type           Power        Failure   Level  Hunger
a - Beastly Appendage     Trmt           #.....       12%         1    ##.....


Dungeon Overview and Level Annotations

Branches:
Dungeon (1/1)

Altars:


Innate Abilities, Weirdness & Mutations

You cannot wear armour.
You are incapable of wielding weapons or throwing items.
Your paws have sharp claws.
You have razor-sharp teeth.
You have supernaturally acute eyesight.
You are carnivorous and can eat meat at any time.
You cover ground quickly.
You are covered in fur (AC +1).
You have a slow metabolism.
You can jump attack at a short distance.
You have a pair of horns on your head.


Message History

Your horns disappear.
Casting: Beastly Appendage
Confirm with . or Enter, or press ? or * to list all spells.
You grow a pair of large bovine horns.
You open the door.
An iguana, a ball python, a giant cockroach, a hobgoblin and a gnoll shaman come into view.
The iguana hisses angrily.
The gnoll shaman shouts!
The hobgoblin shouts!
The giant cockroach waves its antennae.
The ball python bites you. The ball python barely misses you.
You scratch the ball python.
You kill the ball python!
You scratch the gnoll shaman.
The gnoll shaman begins to bleed from its wounds!
The gnoll shaman is lightly wounded.
The gnoll shaman hits you with a club.
You scratch the gnoll shaman.
The gnoll shaman is moderately wounded.
The gnoll shaman hits you with a club.
Ouch! That really hurt!
You die... ▓▓▓▓▓▓▓▓▓▓▓▓▓▓▓▓▓▓▓▓▓▓ +..slgg@...%'.......<▓ ▓▓▓▓▓▓▓▓▓▓▓▓▓▓▓▓▓▓▓▓▓▓

You could see a gnoll shaman (bleeding), an iguana, a giant cockroach and a hobgoblin.

Vanquished Creatures
  A giant mite (D)
  A hobgoblin (D)
  A jackal (D)
  A kobold (D)
  A ball python (D)
  A giant newt (D)
6 creatures vanquished.

Notes
Turn   | Place    | Note
--------------------------------------------------------------
     0 | D        | BluebellGnoll, the Felid Transmuter, began the quest for the Orb.
     0 | D        | Reached XP level 1. HP: 9/9 MP: 4/4
    11 | D        | Reached skill level 5 in Stealth
    16 | D        | Reached XP level 2. HP: 8/12 MP: 3/5
    22 | D        | Reached skill level 6 in Stealth
    51 | D        | Noticed an iguana
    51 | D        | Noticed a gnoll shaman
    54 | D        | Slain by a gnoll shaman

Action                   || total
-------------------------++-------
Melee: Unarmed           ||    19
 Cast: Beastly Appendage ||     3
